[Event "1st Easter Festival-A 2021"]
[Site "Bassano del Grappa"]
[Date "2021.04.02"]
[Round "1.7"]
[White "Colonetti, Fabio"]
[Black "Bellahcene, Bilel"]
[Result "0-1"]
[ECO "E44"]
[WhiteElo "2071"]
[BlackElo "2517"]
[Annotator "RC"]
[PlyCount "52"]
[EventDate "2021.04.01"]
[EventType "swiss"]
[EventCountry "ITA"]
[SourceTitle "playchess.com"]
[Source "ChessBase"]
[SourceQuality "1"]
[TimeControl "5400+30"]

1. d4 Nf6 2. c4 e6 3. Nc3 Bb4 4. e3 b6 5. Nge2 Ne4 6. Qc2 Bb7 7. a3 Bxc3+ 8. Nxc3 Nxc3 9. Qxc3 d6 10. d5 O-O 11. dxe6 fxe6 12. Qc2 Qh4 13. b4 Nd7 14. Bb2 Rf7 15. h3 Raf8 16. g3 Rxf2 17. Qxf2 Qh6 18. Qd2 Bxh1 19. O-O-O Bf3 20. Re1 Be4 21. Bg2 Qg6 22. Bxe4 Qxe4 23. Qd4 Qg6 24. g4 Ne5 25. Rd1 Rf2 26. e4 Re2 0-1

[Event "1st Easter Festival-A 2021"]
[Site "Bassano del Grappa"]
[Date "2021.04.02"]
[Round "1.9"]
[White "Mameli, Gianluca"]
[Black "Niemann, Hans Moke"]
[Result "0-1"]
[ECO "C28"]
[WhiteElo "2066"]
[BlackElo "2526"]
[Annotator "RC"]
[PlyCount "58"]
[EventDate "2021.04.01"]
[EventType "swiss"]
[EventCountry "ITA"]
[SourceTitle "playchess.com"]
[Source "ChessBase"]
[SourceQuality "1"]
[TimeControl "5400+30"]

1. e4 e5 2. Nc3 Nc6 3. Bc4 Nf6 4. d3 Na5 5. Nf3 d6 6. O-O c6 7. a3 Nxc4 8. dxc4 Be7 9. b4 Be6 10. Qe2 Nd7 11. Rd1 O-O 12. Bb2 Qc7 13. Nd2 Nb6 14. Kh1 Rfd8 15. a4 a5 16. b5 Bg5 17. c5 dxc5 18. bxc6 bxc6 19. Nb3 Nc4 20. Rxd8+ Rxd8 21. Bc1 Be7 22. Be3 Nxe3 23. Qxe3 c4 24. Nc1 Qb7 25. N1e2 Qb2 26. Qc1 Qxc1+ 27. Rxc1 Rd2 28. Kg1 h6 29. Kf1 Ba3 0-1

[Event "1st Easter Festival-A 2021"]
[Site "Bassano del Grappa"]
[Date "2021.04.02"]
[Round "2.3"]
[White "Dragnev, Valentin"]
[Black "Carlo, Emanuele"]
[Result "1-0"]
[ECO "B90"]
[WhiteElo "2564"]
[BlackElo "2282"]
[Annotator "RC"]
[PlyCount "209"]
[EventDate "2021.04.01"]
[EventType "swiss"]
[EventCountry "ITA"]
[SourceTitle "playchess.com"]
[Source "ChessBase"]
[SourceQuality "1"]
[TimeControl "5400+30"]

1. e4 c5 2. Nf3 d6 3. d4 cxd4 4. Nxd4 Nf6 5. Nc3 a6 6. a4 e5 7. Nf3 Be7 8. Bg5 Be6 9. Bxf6 Bxf6 10. Nd5 Nd7 11. Bc4 O-O 12. O-O Rc8 13. b3 Be7 14. Qe2 Nb6 15. Nxe7+ Qxe7 16. Bxe6 fxe6 17. Rad1 Nd7 18. Rd2 Rc6 19. Rfd1 Nf6 20. g3 Qc7 21. c4 Rb6 22. Ng5 Re8 23. Rd3 h6 24. Nf3 Nd7 25. Qa2 a5 26. Re3 Nc5 27. Ne1 Qc6 28. Qc2 Rc8 29. Rb1 Rb4 30. Nd3 Nxd3 31. Qxd3 Qb6 32. Rd1 Rc6 33. Qc3 Qc5 34. Rdd3 Rbb6 35. Qd2 Rc8 36. Qd1 Rf8 37. Qg4 Qc8 38. Rd2 Kh7 39. Red3 Rf6 40. Qd1 Qc5 41. Kg2 Rf8 42. Re3 Rf6 43. Rdd3 Rf8 44. Qg4 Qc8 45. h4 Rf6 46. Rc3 Rc6 47. Qd1 Qf8 48. Qd2 Qf7 49. Re2 Qc7 50. Re1 Rf8 51. Rd1 Qb6 52. Rd3 Qc5 53. Rf1 Rf6 54. Qc2 Kg8 55. Rfd1 Rf8 56. R1d2 Kh8 57. Qd1 Rb6 58. Re3 Rf6 59. Rdd3 Kg8 60. Qg4 Qc7 61. Qh5 Qf7 62. Qe2 Rc6 63. Qb2 Qc7 64. Qa3 Qb6 65. Re2 Rf8 66. Red2 Rd8 67. Rf3 Qc7 68. Qc1 Rf8 69. Rfd3 Rd8 70. Qd1 b6 71. Qg4 Qe7 72. Rf3 Rf8 73. Re3 Kh7 74. Qh5 Qf7 75. Qe2 Qc7 76. Red3 Qe7 77. Qe3 Kg8 78. Qe1 Qc7 79. Qd1 Rd8 80. Qg4 Qe7 81. Rd1 Rf8 82. Rf1 Rf6 83. Qd1 Rf8 84. Qd2 Kh7 85. Rd1 Rd8 86. f3 Kg8 87. Qc2 Qc7 88. Qc1 Qe7 89. Qa3 Qc7 90. Kh3 Qe7 91. Qa2 Rf8 92. Qd2 Rd8 93. Rg1 Rf8 94. Qe3 Qf7 95. Rgd1 Qe7 96. R3d2 Kh7 97. f4 exf4 98. gxf4 Rc5 99. Rxd6 Rh5 100. Qg3 Qf6 101. f5 g5 102. Rxe6 Qb2 103. Rd7+ Kg8 104. Rxh6 Rxh4+ 105. Rxh4 1-0

[Event "1st Easter Festival-A 2021"]
[Site "Bassano del Grappa"]
[Date "2021.04.02"]
[Round "3.2"]
[White "Checa, Nicolas"]
[Black "Niemann, Hans Moke"]
[Result "0-1"]
[ECO "D38"]
[WhiteElo "2546"]
[BlackElo "2526"]
[Annotator "ChessBase"]
[PlyCount "58"]
[EventDate "2021.04.01"]
[EventType "swiss"]
[EventCountry "ITA"]
[SourceTitle "playchess.com"]
[Source "ChessBase"]
[SourceQuality "1"]
[TimeControl "5400+30"]

1. d4 Nf6 2. c4 e6 3. Nf3 d5 4. Nc3 Bb4 5. cxd5 exd5 6. Bg5 h6 7. Bh4 O-O 8. e3 Bf5 9. Bd3 Bxd3 10. Qxd3 c6 11. a3 Bd6 12. g4 Nbd7 13. g5 hxg5 14. Nxg5 c5 15. Nh7 cxd4 16. Nxf6+ Nxf6 17. Qxd4 Be7 18. Rg1 g6 19. O-O-O Rc8 20. Qd3 Ne4 21. Bxe7 Qxe7 22. Kb1 Rxc3 23. bxc3 Rc8 24. Rc1 Qxa3 25. Qxd5 Rc6 26. f3 Rb6+ 27. Kc2 Qxc3+ 28. Kd1 Nf2+ 29. Ke2 Rb2+ 0-1

[Event "1st Easter Festival-A 2021"]
[Site "Bassano del Grappa"]
[Date "2021.04.02"]
[Round "3.4"]
[White "Gilevych, Artem"]
[Black "Basso, Pier Luigi"]
[Result "0-1"]
[ECO "D45"]
[WhiteElo "2408"]
[BlackElo "2521"]
[Annotator "ChessBase"]
[PlyCount "49"]
[EventDate "2021.04.01"]
[EventType "swiss"]
[EventCountry "ITA"]
[SourceTitle "playchess.com"]
[Source "ChessBase"]
[SourceQuality "1"]
[TimeControl "5400+30"]

1. d4 d5 2. c4 c6 3. Nc3 Nf6 4. e3 e6 5. Nf3 Nbd7 6. Qc2 b6 7. Bd3 Bb7 8. O-O Be7 9. b3 dxc4 10. bxc4 c5 11. d5 exd5 12. cxd5 Nxd5 13. Nxd5 Bxd5 14. Rd1 Be6 15. Bb5 O-O 16. Bb2 Bf6 17. Be5 Nxe5 18. Rxd8 Nxf3+ 19. gxf3 Rfxd8 20. Rc1 c4 21. Bxc4 Rac8 22. Qe4 b5 23. Qxe6 Rxc4 24. Qxc4 bxc4 25. Rxc4 0-1

[Event "1st Easter Festival-A 2021"]
[Site "Bassano del Grappa"]
[Date "2021.04.02"]
[Round "3.5"]
[White "Bjerre, Jonas Buhl"]
[Black "Maerevoet, Sim"]
[Result "1-0"]
[ECO "E18"]
[WhiteElo "2549"]
[BlackElo "2381"]
[Annotator "ChessBase"]
[PlyCount "77"]
[EventDate "2021.04.01"]
[EventType "swiss"]
[EventCountry "ITA"]
[SourceTitle "playchess.com"]
[Source "ChessBase"]
[SourceQuality "1"]
[TimeControl "5400+30"]

1. d4 Nf6 2. c4 e6 3. Nf3 b6 4. g3 Bb7 5. Bg2 Be7 6. O-O O-O 7. Nc3 Ne4 8. Bd2 d6 9. Qc2 Nxd2 10. Nxd2 Bxg2 11. Kxg2 Nd7 12. Rad1 Qc8 13. f4 a6 14. Nf3 b5 15. b3 Nb6 16. Qd3 bxc4 17. bxc4 a5 18. d5 c6 19. Rb1 Nd7 20. dxe6 fxe6 21. Ne4 d5 22. Neg5 Bxg5 23. Nxg5 Nf6 24. Rfc1 h6 25. Nf3 Qa6 26. Ne5 Rab8 27. c5 Qa8 28. Rb6 Rxb6 29. cxb6 Rc8 30. Qa3 Qa6 31. Qb2 Qb7 32. Rc5 d4 33. Nc4 Nd7 34. Nd6 Qa6 35. Nxc8 Nxc5 36. Ne7+ Kf8 37. Nxc6 d3 38. Qd4 d2 39. Qd8+ 1-0

[Event "1st Easter Festival-A 2021"]
[Site "Bassano del Grappa"]
[Date "2021.04.02"]
[Round "3.7"]
[White "Dardha, Daniel"]
[Black "Palozza, Christian"]
[Result "1-0"]
[ECO "D43"]
[WhiteElo "2516"]
[BlackElo "2263"]
[Annotator "ChessBase"]
[PlyCount "79"]
[EventDate "2021.04.01"]
[EventType "swiss"]
[EventCountry "ITA"]
[SourceTitle "playchess.com"]
[Source "ChessBase"]
[SourceQuality "1"]
[TimeControl "5400+30"]

1. Nf3 Nf6 2. c4 e6 3. Nc3 d5 4. d4 dxc4 5. Qa4+ c6 6. Qxc4 b5 7. Qd3 a6 8. e4 Bb7 9. Bg5 h6 10. Bh4 g5 11. Bg3 Nh5 12. Be5 Rg8 13. h3 Nd7 14. Bh2 Nf4 15. Qd2 c5 16. d5 e5 17. b3 c4 18. g3 Bb4 19. a3 Qa5 20. axb4 Qxa1+ 21. Nd1 cxb3 22. gxf4 Rc8 23. Bd3 gxf4 24. Ke2 Rc1 25. Re1 Ke7 26. Nh4 Nb6 27. Bxf4 exf4 28. Nf5+ Kd8 29. Qxf4 Nd7 30. Nd6 Bxd5 31. exd5 Qe5+ 32. Qe3 Qxe3+ 33. Nxe3 Rxe1+ 34. Kxe1 Ne5 35. Bf5 Nf3+ 36. Ke2 Nd4+ 37. Kd3 Rg5 38. Nxf7+ Ke7 39. Nxg5 Nxf5 40. Nxf5+ 1-0

[Event "1st Easter Festival-A 2021"]
[Site "Bassano del Grappa"]
[Date "2021.04.02"]
[Round "3.8"]
[White "Sonis, Francesco"]
[Black "Fischer, Daniel"]
[Result "1/2-1/2"]
[ECO "A57"]
[WhiteElo "2477"]
[BlackElo "2276"]
[Annotator "ChessBase"]
[PlyCount "79"]
[EventDate "2021.04.01"]
[EventType "swiss"]
[EventCountry "ITA"]
[SourceTitle "playchess.com"]
[Source "ChessBase"]
[SourceQuality "1"]
[TimeControl "5400+30"]

1. d4 Nf6 2. c4 c5 3. d5 b5 4. cxb5 a6 5. e3 Bb7 6. Nc3 Qa5 7. Bd2 axb5 8. Bxb5 Qb6 9. a4 Nxd5 10. Nf3 e6 11. O-O Be7 12. e4 Nb4 13. Ne5 O-O 14. Nc4 Qc7 15. e5 N8c6 16. Bf4 Nd4 17. Qg4 Qd8 18. Nd6 Bxd6 19. exd6 f6 20. Bc4 Kh8 21. Be3 Qb6 22. Bxd4 cxd4 23. Nb5 f5 24. Qxd4 Qc6 25. f3 Nc2 26. Qc3 Nxa1 27. Rxa1 Ba6 28. Qd4 e5 29. Qd3 Qc5+ 30. Kh1 e4 31. fxe4 fxe4 32. Qe2 Rae8 33. b3 Bxb5 34. Bxb5 Qxd6 35. Rd1 Qc5 36. h3 Re7 37. Bxd7 Rd8 38. Bb5 Rd5 39. Rd3 Rxd3 40. Qd1 1/2-1/2

[Event "1st Easter Festival-A 2021"]
[Site "Bassano del Grappa"]
[Date "2021.04.02"]
[Round "3.9"]
[White "Brotto, Alessandro"]
[Black "Tisaj, Domen"]
[Result "1/2-1/2"]
[ECO "B51"]
[WhiteElo "1970"]
[BlackElo "2287"]
[Annotator "ChessBase"]
[PlyCount "119"]
[EventDate "2021.04.01"]
[EventType "swiss"]
[EventCountry "ITA"]
[SourceTitle "playchess.com"]
[Source "ChessBase"]
[SourceQuality "1"]
[TimeControl "5400+30"]

1. e4 c5 2. Nf3 d6 3. Bb5+ Nd7 4. O-O a6 5. Bd3 Ngf6 6. c3 b5 7. Bc2 Bb7 8. Re1 e6 9. a4 Be7 10. d4 Rc8 11. axb5 axb5 12. e5 dxe5 13. dxe5 Nd5 14. Nbd2 c4 15. Ne4 h6 16. Nd4 Qb6 17. Qg4 Kf8 18. Ng3 Bc5 19. Nh5 g5 20. h4 Bxd4 21. cxd4 Nb4 22. Bb1 Nd3 23. Bxd3 cxd3 24. Bd2 Rc4 25. Rec1 Rg8 26. Nf6 Nxf6 27. exf6 Rg6 28. hxg5 hxg5 29. b3 Rc2 30. Bb4+ Kg8 31. Rxc2 dxc2 32. Rc1 Qc6 33. Bc5 Qe4 34. Qxe4 Bxe4 35. f3 Bd3 36. Be7 g4 37. Kf2 gxf3 38. Kxf3 Rg5 39. g4 Rd5 40. Ke3 Bg6 41. Rh1 e5 42. Bc5 b4 43. Ra1 Rd8 44. Kd2 exd4 45. Bxb4 Rb8 46. Ra4 Be4 47. Ba3 Rxb3 48. Rxd4 Rxa3 49. Rxe4 Rc3 50. Re1 Rc4 51. Rh1 Rc6 52. Kc1 Rxf6 53. Kxc2 Kg7 54. Kd3 Re6 55. Rf1 Kg6 56. Rf5 f6 57. Kd4 Re1 58. Kd5 Rg1 59. Ke6 Rxg4 60. Rxf6+ 1/2-1/2

[Event "1st Easter Festival-A 2021"]
[Site "Bassano del Grappa"]
[Date "2021.04.02"]
[Round "3.10"]
[White "Nilssen, Ellen Fredericia"]
[Black "Diermair, Andreas"]
[Result "0-1"]
[ECO "D38"]
[WhiteElo "2168"]
[BlackElo "2487"]
[Annotator "ChessBase"]
[PlyCount "88"]
[EventDate "2021.04.01"]
[EventType "swiss"]
[EventCountry "ITA"]
[SourceTitle "playchess.com"]
[Source "ChessBase"]
[SourceQuality "1"]
[TimeControl "5400+30"]

1. d4 Nf6 2. c4 e6 3. Nf3 d5 4. Nc3 Bb4 5. cxd5 exd5 6. Bg5 h6 7. Bxf6 Qxf6 8. e3 c6 9. Rc1 O-O 10. h3 Nd7 11. Bd3 Re8 12. O-O Nf8 13. a3 Bd6 14. e4 dxe4 15. Nxe4 Qd8 16. Re1 Re7 17. Bb1 Be6 18. Qd3 Rd7 19. Rcd1 a5 20. Qe2 Bd5 21. Nc5 Re7 22. Qd3 Qb6 23. Rxe7 Bxe7 24. Nd7 Qb3 25. Nxf8 Qxd3 26. Bxd3 Kxf8 27. Ne5 Rd8 28. Bc4 Bf6 29. Be2 Bb3 30. Rd3 a4 31. f4 g5 32. g3 gxf4 33. gxf4 Bc2 34. Rd2 Be4 35. Kf2 Ke7 36. Ke3 Bd5 37. Bd1 Rg8 38. Rd3 Rg2 39. Ng4 Bh4 40. Bf3 Rg3 41. Ke2 Bc4 42. Nxh6 Bxd3+ 43. Kxd3 Rxf3+ 44. Ke4 Rxh3 0-1

[Event "1st Easter Festival-A 2021"]
[Site "Bassano del Grappa"]
[Date "2021.04.02"]
[Round "4.2"]
[White "Basso, Pier Luigi"]
[Black "Niemann, Hans Moke"]
[Result "1/2-1/2"]
[ECO "D14"]
[WhiteElo "2521"]
[BlackElo "2526"]
[Annotator "ChessBase"]
[PlyCount "23"]
[EventDate "2021.04.01"]
[EventType "swiss"]
[EventCountry "ITA"]
[SourceTitle "playchess.com"]
[Source "ChessBase"]
[SourceQuality "1"]
[TimeControl "5400+30"]

1. d4 d5 2. c4 c6 3. cxd5 cxd5 4. Nf3 Nf6 5. Nc3 Nc6 6. Bf4 Bf5 7. e3 e6 8. Bd3 Bxd3 9. Qxd3 Bd6 10. Bxd6 Qxd6 11. O-O O-O 12. Rac1 1/2-1/2

[Event "1st Easter Festival-A 2021"]
[Site "Bassano del Grappa"]
[Date "2021.04.02"]
[Round "4.3"]
[White "Dragnev, Valentin"]
[Black "Dardha, Daniel"]
[Result "1/2-1/2"]
[ECO "B30"]
[WhiteElo "2564"]
[BlackElo "2516"]
[Annotator "RC"]
[PlyCount "52"]
[EventDate "2021.04.01"]
[EventType "swiss"]
[EventCountry "ITA"]
[SourceTitle "playchess.com"]
[Source "ChessBase"]
[SourceQuality "1"]
[TimeControl "5400+30"]

1. e4 c5 2. Nf3 Nc6 3. Bb5 e5 4. O-O Bd6 5. c3 a6 6. Ba4 b5 7. Bc2 Nge7 8. a3 Bc7 9. b4 cxb4 10. axb4 O-O 11. d3 d5 12. Nbd2 Bg4 13. h3 Bh5 14. Re1 Bb6 15. g4 Bg6 16. Nf1 Qc7 17. Bd2 Rfd8 18. Bb3 Kh8 19. Qe2 f6 20. Ra3 a5 21. Rea1 Rac8 22. Ng3 axb4 23. cxb4 Nd4 24. Nxd4 Bxd4 25. Rc1 Qd7 26. Rxc8 Rxc8 1/2-1/2

[Event "1st Easter Festival-A 2021"]
[Site "Bassano del Grappa"]
[Date "2021.04.02"]
[Round "4.5"]
[White "Lumachi, Gabriele"]
[Black "Checa, Nicolas"]
[Result "0-1"]
[ECO "D15"]
[WhiteElo "2316"]
[BlackElo "2546"]
[Annotator "ChessBase"]
[PlyCount "40"]
[EventDate "2021.04.01"]
[EventType "swiss"]
[EventCountry "ITA"]
[SourceTitle "playchess.com"]
[Source "ChessBase"]
[SourceQuality "1"]
[TimeControl "5400+30"]

1. d4 d5 2. c4 c6 3. Nf3 Nf6 4. e3 Bf5 5. Nc3 a6 6. Ne5 h6 7. Qb3 Ra7 8. a4 e6 9. a5 Nbd7 10. f4 Nxe5 11. fxe5 Ne4 12. Qb6 Qxb6 13. axb6 Ra8 14. c5 Be7 15. Be2 f6 16. exf6 Bxf6 17. O-O O-O 18. Bd3 Nxc3 19. Bxf5 Ne2+ 20. Kf2 Nxd4 0-1

[Event "1st Easter Festival-A 2021"]
[Site "Bassano del Grappa"]
[Date "2021.04.02"]
[Round "4.8"]
[White "Carlo, Emanuele"]
[Black "Sonis, Francesco"]
[Result "1/2-1/2"]
[ECO "C07"]
[WhiteElo "2282"]
[BlackElo "2477"]
[Annotator "ChessBase"]
[PlyCount "103"]
[EventDate "2021.04.01"]
[EventType "swiss"]
[EventCountry "ITA"]
[SourceTitle "playchess.com"]
[Source "ChessBase"]
[SourceQuality "1"]
[TimeControl "5400+30"]

1. e4 e6 2. d4 d5 3. Nd2 c5 4. Ngf3 cxd4 5. Nxd4 Nf6 6. Bd3 Bc5 7. N4b3 dxe4 8. Nxe4 Nxe4 9. Bxe4 Qxd1+ 10. Kxd1 Bb6 11. f4 Nd7 12. Bd2 Nf6 13. Bf3 Bc7 14. Ke2 Rb8 15. g3 O-O 16. Be3 b6 17. Nd4 Bd7 18. a4 a6 19. Nc6 Bxc6 20. Bxc6 Rfc8 21. Bf3 e5 22. fxe5 Bxe5 23. c3 Re8 24. Kf2 b5 25. Ba7 Rbc8 26. axb5 axb5 27. Rae1 Re7 28. Be3 h6 29. Bf4 Rce8 30. Bxe5 Rxe5 31. Rxe5 Rxe5 32. Ra1 Kf8 33. Ra5 Rc5 34. Be2 Ne4+ 35. Ke3 Nd6 36. Kd4 Rf5 37. c4 bxc4 38. Rxf5 Nxf5+ 39. Kxc4 Ke7 40. Kc5 Nd6 41. Bf3 f5 42. b4 g5 43. b5 Nxb5 44. Kxb5 g4 45. Be2 Kf6 46. Kc4 Kg5 47. Kd4 f4 48. Ke4 fxg3 49. hxg3 h5 50. Ke3 h4 51. gxh4+ Kxh4 52. Bxg4 1/2-1/2

[Event "1st Easter Festival-A 2021"]
[Site "Bassano del Grappa"]
[Date "2021.04.03"]
[Round "5.3"]
[White "Checa, Nicolas"]
[Black "Maerevoet, Sim"]
[Result "1-0"]
[ECO "D41"]
[WhiteElo "2546"]
[BlackElo "2381"]
[Annotator "ChessBase"]
[PlyCount "67"]
[EventDate "2021.04.01"]
[EventType "swiss"]
[EventCountry "ITA"]
[SourceTitle "playchess.com"]
[Source "ChessBase"]
[SourceQuality "1"]
[TimeControl "5400+30"]

1. d4 d5 2. c4 e6 3. Nc3 Nf6 4. Nf3 c5 5. e3 Nc6 6. cxd5 Nxd5 7. Bc4 Nxc3 8. bxc3 cxd4 9. exd4 Be7 10. O-O O-O 11. Re1 b6 12. Bd3 Bb7 13. h4 Bxh4 14. Nxh4 Qxh4 15. Re3 g6 16. Rg3 Qe7 17. Bh6 Rfd8 18. Bg5 f6 19. Bh4 Kg7 20. Qg4 Qf7 21. Rf3 f5 22. Qf4 Rd7 23. Re1 Ne7 24. Bb5 Bc6 25. d5 Rxd5 26. Bc4 b5 27. Bb3 Ng8 28. Rfe3 Re8 29. Bxd5 Bxd5 30. Qd4+ Nf6 31. Re5 Rf8 32. a4 h6 33. Bxf6+ Qxf6 34. axb5 1-0

[Event "1st Easter Festival-A 2021"]
[Site "Bassano del Grappa"]
[Date "2021.04.03"]
[Round "5.10"]
[White "Dappiano, Andrea"]
[Black "Diermair, Andreas"]
[Result "1/2-1/2"]
[ECO "C11"]
[WhiteElo "2266"]
[BlackElo "2487"]
[Annotator "ChessBase"]
[PlyCount "53"]
[EventDate "2021.04.01"]
[EventType "swiss"]
[EventCountry "ITA"]
[SourceTitle "playchess.com"]
[Source "ChessBase"]
[SourceQuality "1"]
[TimeControl "5400+30"]

1. e4 e6 2. d4 d5 3. Nc3 Nf6 4. e5 Nfd7 5. f4 c5 6. Nf3 Be7 7. Be3 b6 8. Qd2 Nc6 9. Be2 Bb7 10. O-O O-O 11. Rad1 Kh8 12. Qe1 Qc8 13. Qg3 cxd4 14. Nxd4 Nxd4 15. Bxd4 Bc5 16. Kh1 Ba6 17. Bxa6 Qxa6 18. Bxc5 bxc5 19. f5 d4 20. Ne4 exf5 21. Rxf5 Rae8 22. Ng5 f6 23. e6 Ne5 24. Rxe5 fxe5 25. Nf7+ Kg8 26. Nh6+ Kh8 27. Nf7+ 1/2-1/2

[Event "1st Easter Festival-A 2021"]
[Site "Bassano del Grappa"]
[Date "2021.04.03"]
[Round "6.1"]
[White "Bernadskiy, Vitaliy"]
[Black "Shetty, Atulya"]
[Result "1-0"]
[ECO "B10"]
[WhiteElo "2599"]
[BlackElo "2447"]
[Annotator "ChessBase"]
[PlyCount "149"]
[EventDate "2021.04.01"]
[EventType "swiss"]
[EventCountry "ITA"]
[SourceTitle "playchess.com"]
[Source "ChessBase"]
[SourceQuality "1"]
[TimeControl "5400+30"]

1. c4 c6 2. e4 d5 3. exd5 cxd5 4. cxd5 Nf6 5. Qa4+ Nbd7 6. Nc3 g6 7. Nf3 Bg7 8. Bc4 O-O 9. d3 a6 10. Qa3 b6 11. O-O Bb7 12. Re1 Re8 13. Ng5 b5 14. Bb3 Nb6 15. d6 e6 16. Nge4 h6 17. Bd2 Nxe4 18. Nxe4 Bxe4 19. dxe4 Be5 20. Qc5 Bxd6 21. Qe3 Bf8 22. Red1 Qb8 23. Rac1 Qb7 24. Ba5 Nc4 25. Bxc4 bxc4 26. Bc3 Bg7 27. Bxg7 Kxg7 28. Rd2 Red8 29. Rdc2 Rd3 30. Qf4 Rad8 31. h4 Qb8 32. e5 R3d5 33. Re2 Rd1+ 34. Re1 Rxe1+ 35. Rxe1 Rd5 36. h5 gxh5 37. b3 cxb3 38. Re3 bxa2 39. Qf6+ Kf8 40. Qxh6+ Ke7 41. Qf6+ Ke8 42. Qh8+ Ke7 43. Qf6+ Ke8 44. Qh8+ Ke7 45. Qxb8 a1=Q+ 46. Kh2 Qd4 47. g3 h4 48. Qh8 hxg3+ 49. Kxg3 Qd1 50. Kh2 Rd3 51. Qh4+ Ke8 52. Re4 Kd7 53. Rf4 Kc6 54. Rxf7 Rd4 55. Qh8 Rd8 56. Qh3 Qd5 57. Qc3+ Kb6 58. Rh7 Rd7 59. Rh8 Ka7 60. Qe3+ Kb7 61. Qe2 Qd4 62. Qf3+ Qd5 63. Qf4 Ka7 64. Qg3 Qe4 65. Rh4 Qd3 66. Qxd3 Rxd3 67. Rh6 a5 68. Rxe6 Kb7 69. Re7+ Kb6 70. Re8 a4 71. e6 a3 72. e7 a2 73. Rb8+ Kc5 74. e8=Q a1=Q 75. Qb5+ 1-0

[Event "1st Easter Festival-A 2021"]
[Site "Bassano del Grappa"]
[Date "2021.04.03"]
[Round "6.2"]
[White "Basso, Pier Luigi"]
[Black "Checa, Nicolas"]
[Result "1/2-1/2"]
[ECO "D35"]
[WhiteElo "2521"]
[BlackElo "2546"]
[Annotator "ChessBase"]
[PlyCount "43"]
[EventDate "2021.04.01"]
[EventType "swiss"]
[EventCountry "ITA"]
[SourceTitle "playchess.com"]
[Source "ChessBase"]
[SourceQuality "1"]
[TimeControl "5400+30"]

1. d4 Nf6 2. c4 e6 3. Nc3 d5 4. cxd5 exd5 5. Bg5 c6 6. e3 Bf5 7. Qf3 Bg6 8. Bxf6 Qxf6 9. Qxf6 gxf6 10. Nf3 Nd7 11. Nh4 Be7 12. Ne2 f5 13. g3 Bxh4 14. gxh4 Nf6 15. Nf4 Nh5 16. Be2 Nxf4 17. exf4 h5 18. Kd2 Kd7 19. b4 Kd6 20. Rhb1 a6 21. a4 Rhc8 22. a5 1/2-1/2

[Event "1st Easter Festival-A 2021"]
[Site "Bassano del Grappa"]
[Date "2021.04.03"]
[Round "6.3"]
[White "Dragnev, Valentin"]
[Black "Niemann, Hans Moke"]
[Result "1/2-1/2"]
[ECO "C89"]
[WhiteElo "2564"]
[BlackElo "2526"]
[Annotator "ChessBase"]
[PlyCount "101"]
[EventDate "2021.04.01"]
[EventType "swiss"]
[EventCountry "ITA"]
[SourceTitle "playchess.com"]
[Source "ChessBase"]
[SourceQuality "1"]
[TimeControl "5400+30"]

1. e4 e5 2. Nf3 Nc6 3. Bb5 a6 4. Ba4 Nf6 5. O-O Be7 6. Re1 b5 7. Bb3 O-O 8. c3 d5 9. exd5 Nxd5 10. Nxe5 Nxe5 11. Rxe5 c6 12. Re1 Bd6 13. d3 Bf5 14. Qf3 Qh4 15. g3 Qh3 16. Be3 Bxd3 17. Nd2 Qf5 18. Bd4 Rfd8 19. a4 Bf8 20. Qxf5 Bxf5 21. axb5 axb5 22. Bxd5 cxd5 23. b4 Re8 24. Rxe8 Rxe8 25. f3 f6 26. Nf1 Re2 27. Ne3 Bh3 28. Nxd5 Rg2+ 29. Kh1 Bd6 30. Ra8+ Kf7 31. Ra7+ Ke6 32. Nxf6 Rc2 33. Nxh7 Be7 34. Rxe7+ Kxe7 35. Ng5 Rc1+ 36. Bg1 Bf1 37. Bc5+ Kf6 38. h4 Kf5 39. Bd4 Bc4+ 40. Kg2 Rc2+ 41. Kg1 Rc1+ 42. Kf2 Rc2+ 43. Ke1 Re2+ 44. Kd1 Rg2 45. g4+ Kf4 46. Bxg7 Be2+ 47. Ke1 Bxf3 48. Nxf3 Kxf3 49. h5 Rxg4 50. h6 Rh4 51. Kd2 1/2-1/2

[Event "1st Easter Festival-A 2021"]
[Site "Bassano del Grappa"]
[Date "2021.04.03"]
[Round "6.4"]
[White "Yu, Jennifer"]
[Black "Bjerre, Jonas Buhl"]
[Result "1/2-1/2"]
[ECO "E46"]
[WhiteElo "2275"]
[BlackElo "2549"]
[Annotator "ChessBase"]
[PlyCount "97"]
[EventDate "2021.04.01"]
[EventType "swiss"]
[EventCountry "ITA"]
[SourceTitle "playchess.com"]
[Source "ChessBase"]
[SourceQuality "1"]
[TimeControl "5400+30"]

1. d4 Nf6 2. c4 e6 3. Nc3 Bb4 4. e3 O-O 5. Nge2 Re8 6. a3 Bf8 7. Ng3 d5 8. Be2 b6 9. O-O Bb7 10. cxd5 exd5 11. b4 Nbd7 12. Qb3 c6 13. f3 Qc8 14. Rb1 Rb8 15. e4 c5 16. Nxd5 Nxd5 17. exd5 Nf6 18. Bc4 cxd4 19. Rd1 b5 20. Bxb5 Bxd5 21. Qa4 Re6 22. Bb2 a6 23. Bf1 Bc6 24. Qc2 Qe8 25. Rxd4 Ba4 26. Qd2 Rc8 27. Bc4 Re7 28. Nf5 Rd7 29. Re1 Qd8 30. Qg5 Kh8 31. Rxd7 Bxd7 32. Bd3 Be6 33. Nd4 Qb6 34. Kh1 Bd7 35. Qh4 Qd6 36. Bb1 h6 37. Nf5 Bxf5 38. Bxf5 Rd8 39. Bxf6 Qxf6 40. Qxf6 gxf6 41. g3 Kg7 42. Rc1 a5 43. bxa5 Rd5 44. Be4 Rxa5 45. Rc7 Bxa3 46. Bd3 Bd6 47. Rd7 Bc5 48. Bc4 Ra7 49. Rxa7 1/2-1/2

[Event "1st Easter Festival-A 2021"]
[Site "Bassano del Grappa"]
[Date "2021.04.03"]
[Round "6.5"]
[White "Travadon, Loic"]
[Black "Sonis, Francesco"]
[Result "0-1"]
[ECO "E52"]
[WhiteElo "2414"]
[BlackElo "2477"]
[Annotator "ChessBase"]
[PlyCount "136"]
[EventDate "2021.04.01"]
[EventType "swiss"]
[EventCountry "ITA"]
[SourceTitle "playchess.com"]
[Source "ChessBase"]
[SourceQuality "1"]
[TimeControl "5400+30"]

1. d4 Nf6 2. c4 e6 3. Nc3 Bb4 4. Nf3 d5 5. Bd2 O-O 6. e3 b6 7. cxd5 exd5 8. Bd3 Bb7 9. O-O Be7 10. Ne5 c5 11. Qf3 Nc6 12. Qh3 cxd4 13. exd4 Nxd4 14. Nd7 g6 15. Nxf8 Bxf8 16. Rfe1 Bg7 17. Rad1 Nd7 18. Bh6 Bxh6 19. Qxh6 Qf6 20. Ba6 Nf5 21. Qf4 Bxa6 22. Nxd5 Qxb2 23. Nc7 Rd8 24. Nxa6 Qxa2 25. Qc7 Rf8 26. Ra1 Qd5 27. Red1 Nd4 28. Nb4 Qe4 29. Qxd7 Ne2+ 30. Kh1 Qxb4 31. Qd2 Qe7 32. Qe3 Re8 33. Qxe7 Rxe7 34. Rd8+ Kg7 35. g3 Nc3 36. Rd3 Ne4 37. Kg2 Nc5 38. Rda3 a5 39. Rb1 Re6 40. Ra2 Kf6 41. Rab2 Nd7 42. Rd2 Ke7 43. Rbd1 Nc5 44. Rd8 h5 45. Rb8 Kf6 46. Rb1 Nd7 47. Rc8 Rd6 48. Rb3 Nc5 49. Rf3+ Kg7 50. Re8 Rd7 51. h3 Ra7 52. Rb8 Nd7 53. Rc8 a4 54. Rc1 Nc5 55. Rc2 Nb3 56. Ra2 b5 57. Rf4 Nc5 58. Rb4 Ra5 59. Rab2 a3 60. Rb1 Na6 61. R4b3 b4 62. Kf3 Ra4 63. Ra1 Nc5 64. Rbb1 b3 65. Ke3 a2 66. Rb2 Rb4 67. Raxa2 bxa2 68. Rxa2 Rb3+ 0-1